Map: Thunderbird LE

Players

DarkMark

  • Race: Protoss Protoss
  • League: Diamond
  • Spawn Location: 11:00

Smeeeger - Winner!

  • Race: Zerg Zerg
  • League: Platinum
  • Spawn Location: 5:00

VOD

Have the link to the VOD?

Description

Time

  • Played on: Aug. 2, 2019, 10:28 p.m.
  • Length: 16:45
Show
View Real Time Build Order
Export as new Build Order

DarkMark Protoss 

Build Orders: Oracle Opening, Chargelot Immortal 

Get SALT Encoding   

  12  0:00  Probe  
  13  0:13  Probe  
  14  0:19  Pylon  
  14  0:25  Probe  
  15  0:37  Probe  
  15  0:40  Gateway  
  16  0:48  Pylon  
  16  0:50  Probe  
  17  0:59  Probe, Assimilator  
  18  1:07  Probe  
  19  1:18  Probe  
  20  1:30  Zealot, Probe  
  23  1:32  Cybernetics Core  
  23  1:42  Probe, Pylon  
  23  1:46  Assimilator  
  24  2:00  Zealot  
  26  2:04  Forge  
  26  2:17  Stargate  
  26  2:38  Photon Cannon  
  26  2:43  Photon Cannon  
  26  2:50  Oracle  
  28  2:55  Stalker  
  31  3:06  Pylon  
  31  3:12  Pylon  
  31  3:17  Oracle  
  31  3:25  Zealot  
  36  3:46  Nexus  
  39  4:13  Warp Gate  
  36  4:24  Robotics Facility  
  33  4:40  Gateway  
  33  4:41  Gateway  
  33  4:43  Gateway  
  33  4:55  Stalker  
  35  5:03  Robotics Facility  
  35  5:06  Twilight Council  
  35  5:07  Probe x2  
  37  5:15  Probe  
  37  5:16  Probe  
  37  5:18  Observer  
  40  5:27  Pylon  
  40  5:31  Pylon  
  40  5:36  Probe x2  
  42  5:48  Probe  
  42  5:49  Probe  
  44  5:54  Immortal  
  48  6:05  Charge  
  48  6:07  Immortal  
  48  6:09  Probe  
  48  6:11  Probe  
  54  6:21  Probe  
  54  6:23  Protoss Ground Weapons Level 1  
  55  6:34  Photon Cannon  
  55  6:38  Photon Cannon  
  55  6:40  Pylon  
  53  7:01  Zealot x2  
  53  7:02  Zealot x2  
  59  7:19  Immortal x2  
  67  7:31  Probe x2  
  67  7:32  Robotics Bay  
  67  7:34  Assimilator  
  67  7:36  Assimilator  
  69  7:43  Probe x2  
  56  8:06  Zealot x3  
  56  8:07  Zealot  
  56  8:09  Probe  
  56  8:10  Probe  
  62  8:18  Probe x2  
  62  8:19  Colossus x2  
  76  8:45  Zealot x4  
  80  9:06  Zealot  
  80  9:07  Zealot x2  
  86  9:25  Nexus  
  86  9:27  Extended Thermal Lance  
  86  9:28  Pylon  
  86  9:30  Pylon  
  86  9:32  Assimilator  
  86  9:37  Assimilator  
  86  9:46  Probe x2  
  86  9:47  Protoss Ground Weapons Level 2  
  88  9:55  Photon Cannon  
  88  9:58  Probe x2, Photon Cannon  
  90  10:02  Photon Cannon  
  90  10:09  Zealot  
  90  10:10  Probe x2  
  94  10:17  Templar Archives  
  94  10:20  Pylon  
  94  10:24  Pylon  
  94  10:30  Probe  
  94  10:31  Probe  
  80  10:43  Zealot x2, Probe x2  
  80  10:44  Zealot  
  80  10:45  Zealot  
  88  10:52  Probe x2  
  88  10:53  Probe  
  91  11:00  Probe x2  
  91  11:01  Probe  
  91  11:10  Observer  
  95  11:11  Colossus  
  95  11:14  Zealot x2  
  95  11:15  Zealot  
  95  11:16  Zealot  
  109  11:23  Probe x3  
  112  11:39  Nexus  
  88  12:00  Zealot  
  88  12:01  Zealot x3  
  95  12:06  Gateway  
  95  12:08  Gateway  
  95  12:11  Gateway  
  95  12:12  Colossus  
  95  12:13  Gateway  
  101  12:15  Gateway  
  101  12:17  Gateway  
  101  12:23  Zealot x3  
  101  12:24  Zealot  
  109  12:36  Observer  
  110  12:37  Psionic Storm  
  110  12:44  High Templar x4  
  118  12:56  Colossus, Archon x2  
  124  13:04  Zealot x2  
  98  13:13  Zealot x4  
  98  13:20  Zealot x4  
  102  13:31  Zealot x2  
  94  13:38  Zealot x4  
  102  13:42  Zealot x3  
  102  13:43  Zealot  
  102  13:47  Gateway  
  110  13:59  Colossus  
  110  14:01  Zealot x3  
  122  14:03  Nexus  
  108  14:12  High Templar x6  
  116  14:19  Probe x3  
  117  14:24  Zealot x2  
  117  14:25  Zealot  
  119  14:44  High Templar x3  
  119  14:45  High Templar x4  
  133  14:53  Pylon  
  133  14:56  Pylon  
  133  14:58  Pylon  
  133  14:59  Pylon  
  133  15:01  Pylon  
  133  15:05  Pylon  
  133  15:06  Pylon  
  133  15:08  Archon x2  
  133  15:09  Observer x2, Archon x3  
  133  15:10  Archon  
  107  15:29  Colossus x2  
  107  15:34  Probe x3  
  99  15:38  High Templar x7  
  99  15:39  High Templar  
  115  15:46  Probe x3  
  115  15:47  Archon  
  115  15:48  Archon x3  
  114  15:58  Probe  
  71  16:21  Zealot x2  
  71  16:22  Zealot x7  
Show
View Real Time Build Order
Export as new Build Order

Smeeeger Zerg - Winner!

Build Orders: Hatch First, Swarm Host 

Get SALT Encoding   

  12  0:01  Drone  
  13  0:14  Overlord  
  13  0:17  Drone  
  14  0:32  Drone x2  
  16  0:38  Drone  
  17  0:47  Drone  
  18  1:05  Hatchery  
  17  1:19  Drone x3  
  17  1:21  Spawning Pool  
  19  1:34  Extractor  
  19  1:35  Drone  
  19  1:54  Overlord  
  19  2:11  Zergling x4  
  19  2:14  Zergling x2  
  22  2:16  Hatchery  
  22  2:18  Drone  
  22  2:22  Queen  
  22  2:29  Queen  
  26  2:41  Zergling x6  
  26  2:43  Drone  
  30  2:49  Metabolic Boost  
  30  2:58  Spore Crawler  
  29  3:00  Spore Crawler  
  29  3:03  Drone  
  29  3:16  Queen  
  31  3:20  Drone x2  
  31  3:21  Drone  
  31  3:24  Drone  
  35  3:29  Overlord  
  35  3:37  Queen  
  37  3:43  Drone x2  
  37  3:46  Zergling x2  
  40  3:51  Baneling Nest  
  40  3:53  Drone  
  40  4:13  Queen  
  42  4:23  Zergling x2  
  42  4:24  Zergling x14  
  49  4:26  Overlord x2  
  50  4:44  Queen  
  50  4:45  Baneling x3  
  52  4:56  Drone x4  
  56  5:02  Drone x2  
  56  5:03  Drone x5  
  56  5:06  Overlord  
  63  5:07  Overlord  
  63  5:17  Spore Crawler  
  63  5:18  Overlord x2  
  62  5:25  Baneling  
  62  5:29  Queen  
  62  5:30  Drone x2  
  62  5:31  Drone  
  62  5:34  Overlord  
  67  5:40  Drone x4  
  71  5:52  Drone x2, Extractor  
  71  5:53  Drone x3  
  71  5:54  Drone, Extractor  
  71  5:55  Drone x2  
  77  6:00  Drone, Evolution Chamber  
  77  6:01  Evolution Chamber  
  76  6:19  Drone x4  
  76  6:20  Overlord x2  
  76  6:21  Zergling x6  
  82  6:35  Zerg Melee Weapons Level 1  
  82  6:41  Drone  
  82  6:42  Drone, Extractor x2  
  82  6:43  Drone x3  
  82  6:44  Drone x3, Overlord  
  82  6:45  Overlord x2  
  88  6:47  Lair  
  84  6:58  Zergling x8  
  76  7:22  Drone x2  
  77  7:24  Zerg Ground Armor Level 1  
  77  7:26  Drone x2  
  77  7:27  Zergling x2  
  77  7:28  Zergling x12  
  86  7:33  Pneumatized Carapace  
  86  7:35  Drone  
  85  8:05  Zergling x28  
  93  8:11  Centrifical Hooks  
  93  8:13  Extractor  
  92  8:22  Baneling x5  
  92  8:23  Baneling x5  
  92  8:28  Hatchery  
  92  8:32  Hydralisk Den  
  90  8:36  Zergling x2  
  90  8:37  Zergling x14  
  93  8:51  Infestation Pit  
  93  8:53  Drone x3  
  81  9:04  Grooved Spines, Hydralisk x9  
  81  9:08  Lair x2  
  97  9:16  Zerg Melee Weapons Level 2  
  97  9:23  Zergling x14  
  104  9:31  Zerg Ground Armor Level 2  
  104  9:39  Hive  
  104  9:43  Drone x4  
  104  9:44  Drone x6, Queen  
  116  9:46  Baneling x2  
  116  9:47  Baneling x3  
  116  9:53  Zergling x12  
  122  10:00  Drone x3  
  125  10:15  Overlord x4  
  125  10:16  Muscular Augments  
  125  10:17  Baneling x2  
  125  10:18  Baneling x4  
  125  10:19  Baneling  
  125  10:27  Extractor x2  
  123  10:29  Spore Crawler  
  123  10:30  Drone  
  123  10:31  Drone x3  
  123  10:32  Drone x2  
  102  10:45  Hydralisk x5  
  102  10:46  Hydralisk x2  
  102  10:47  Zergling x14  
  102  10:48  Zergling x4  
  113  10:53  Drone x3  
  113  10:55  Drone x3  
  119  11:01  Adrenal Glands  
  119  11:08  Baneling x2  
  119  11:09  Baneling x5  
  119  11:12  Drone  
  119  11:13  Overlord  
  119  11:14  Hydralisk x10  
  140  11:22  Roach Warren  
  139  11:28  Overlord x4  
  139  11:31  Overseer  
  139  11:32  Overseer  
  139  11:34  Hydralisk x2  
  139  11:35  Hydralisk x7  
  142  11:56  Zergling x18  
  142  11:57  Zergling x8  
  155  12:06  Zergling x2  
  155  12:07  Zergling x14  
  163  12:08  Neural Parasite  
  163  12:27  Swarm Host x12  
  199  12:32  Hatchery  
  199  12:33  Extractor  
  199  12:35  Extractor  
  196  12:37  Spire  
  196  12:41  Zerg Missile Weapons Level 1  
  195  12:45  Zergling x2  
  195  12:46  Zergling x8  
  195  12:47  Baneling  
  195  12:48  Baneling x8  
  132  13:32  Zergling x38  
  137  13:40  Zergling x12  
  141  13:50  Greater Spire  
  132  14:05  Zergling x20  
  127  14:16  Zergling x16  
  133  14:29  Corruptor x5  
  133  14:30  Corruptor x2  
  147  14:55  Hydralisk x19  
  185  15:01  Baneling x6  
  185  15:02  Baneling x3  
  165  15:25  Zergling x8  
  165  15:26  Zergling x26  
  169  15:36  Hydralisk x4  
  169  15:42  Queen  
  177  15:44  Drone x10  
  177  15:45  Drone x4  
  193  15:56  Zergling x2  
  193  15:57  Zergling x12  
  173  16:14  Zergling x2  
  173  16:15  Zergling x22  
  163  16:23  Zergling x16  
  163  16:24  Zergling x2  
Tags
 
Add a new tag
Caveats
  • Supply blocks, unpowered buildings, or Contaminate may cause inaccurate times.
  • Supply counts are checked every 10 seconds.